 Dungeon Crawl Stone Soup version 0.31-a0-236-g9a0961fb85 (webtiles) character file.

Game seed: 10135280142172957089

2148 qw the Skirmisher (level 9, -11/79 HPs)
             Began as a Minotaur Hexslinger on July 10, 2023.
             Was an Initiate of Okawaru.
             Shot with a sling bullet by a skeletal warrior (19 damage)
             ... on level 7 of the Dungeon.
             The game lasted 00:02:05 (5547 turns).

qw the Skirmisher (Minotaur Hexslinger)             Turns: 5547, Time: 00:02:05

Health: -11/79     AC:  9    Str: 14    XL:     9   Next: 9%
Magic:  9/9        EV: 13    Int: 10    God:    Okawaru [......]
Gold:   257        SH:  0    Dex: 16    Spells: 9/10 levels left

rFire   . . .        c - +1 sling (heavy)
rCold   . . .        (no shield)
rNeg    + . .        n - +3 leather armour {rN+}
rPois   +            (helmet restricted)
rElec   .            j - +2 cloak
rCorr   .            (no gloves)
SInv    .            (no boots)
Will    .....        (no amulet)
Stlth   +            d - +4 ring of slaying {mikee}
HPRegen 0.33/turn    e - ring of poison resistance
MPRegen 0.11/turn

%: no passive effects
@: about to teleport
A: horns 2, retaliatory headbutt
a: Renounce Religion


You were on level 7 of the Dungeon.
You worshipped Okawaru.
Okawaru was noncommittal.
You visited 2 branches of the dungeon, and saw 8 of its levels.
You also visited: Sewer.

You collected 295 gold pieces.
You spent 38 gold pieces at shops.


Innate Abilities, Weirdness & Mutations

You have a pair of horns on your head.
You reflexively headbutt those who attack you in melee.


   Skills:
 - Level 7.2 Fighting
 + Level 10.7 Ranged Weapons
 - Level 2.4 Armour
 - Level 4.0 Dodging
 - Level 1.0 Spellcasting
 - Level 2.0 Hexes


You had 9 spell levels left.
You knew the following spells:

 Your Spells              Type           Power      Damage    Failure   Level
a - Slow                  Hex            16%        N/A       19%         1

Your spell library contained the following spells:

 Spells                   Type           Power      Damage    Failure   Level
 Inner Flame              Hex/Fire       2%         N/A       63%         3
 Portal Projectile        Hex/Tloc       4%         N/A       63%         3
 Cause Fear               Hex            2%         N/A       88%         4

Inventory:

Hand Weapons
 c - a +1 heavy sling (weapon)
Armour
 j - a +2 cloak (worn)
 n - a +3 leather armour of positive energy (worn)
Jewellery
 d - a +4 ring of slaying (left hand) {mikee}
 e - a ring of poison resistance (right hand)
 i - a ring of ice
Scrolls
 a - 4 scrolls of teleportation
 b - 2 scrolls of identify
 g - a scroll of torment {unknown}
Potions
 f - 3 potions of curing
 k - a potion of might
 m - a potion of enlightenment
 o - a potion of invisibility {unknown}
 p - a potion of haste {unknown}

Dungeon Overview and Level Annotations

Branches:
Dungeon (7/15)             Temple (1/1) D:5           Sewer (visited)

Altars:
Ashenzari
Cheibriados
Dithmenos
Elyvilon
Fedhas
Gozag
Hepliaklqana
Kikubaaqudgha
Makhleb
Nemelex Xobeh
Okawaru
Qazlal
Sif Muna
Trog
Uskayaw
Vehumet
Wu Jian
Xom
Yredelemnul
Zin
The Shining One

Shops:
D:2 *   D:6 *

Annotations:
D:5 1 runed translucent door, qw's ghost, novice DEHu


Message History

The skeletal warrior is lightly damaged.
The skeletal warrior shoots a sling bullet.
The sling bullet misses you.
The skeletal warrior shoots a sling bullet.
The sling bullet hits you but does no damage.
You shoot a sling bullet.
The sling bullet hits the skeletal warrior but does no damage.
The skeletal warrior is lightly damaged.
The skeletal warrior shoots a sling bullet.
The sling bullet closely misses you.
You shoot a sling bullet.
The sling bullet hits the skeletal warrior.
The skeletal warrior is lightly damaged.
The skeletal warrior shoots a sling bullet.
The sling bullet hits you. The sling bullet freezes you.
The skeletal warrior shoots a sling bullet.
The sling bullet hits you but does no damage.
You shoot a sling bullet.
The sling bullet hits the skeletal warrior.
The skeletal warrior is lightly damaged.
The skeletal warrior shoots a sling bullet.
The sling bullet barely misses you.
You shoot a sling bullet.
The sling bullet hits the skeletal warrior!
The skeletal warrior is moderately damaged.
The skeletal warrior shoots a sling bullet.
The sling bullet hits you. The sling bullet freezes you.
5546 ||| READING 5 scrolls of teleportation.
As you read the scroll of teleportation, it crumbles to dust.
You feel strangely unstable.
The skeletal warrior shoots a sling bullet.
The sling bullet hits you! The sling bullet freezes you.
You shoot a sling bullet.
The sling bullet hits the skeletal warrior but does no damage.
The skeletal warrior is moderately damaged.
The skeletal warrior shoots a sling bullet.
The sling bullet closely misses you.
The skeletal warrior shoots a sling bullet.
The sling bullet hits you!!
You die...

# #.# +... ##
#...>#.
#......##
#......@#
#..##.......#
#.#####.# ...
##. #z # # #+
.# #.


You could see a skeletal warrior.

Vanquished Creatures
  Sigmund (D:6)
  2 wyverns
  Edmund (D:6)
  A water moccasin (D:7)
  A sky beast (D:6)
  A black bear (D:7)
  2 ice beasts
  An ogre (D:4)
  A phantom (D:6)
  A bullfrog (D:6)
  4 scorpions
  A howler monkey (D:6)
  A jelly (D:4)
  An orc priest (D:5)
  A gnoll bouda (D:4)
  4 hounds
  3 sleepcaps
  Ijyb (D:5)
  11 gnolls
  13 adders
  A white imp (D:7)
  A worm (D:2)
  7 dart slugs
  3 orcs (D:5)
  6 bats
  4 endoplasms
  5 giant cockroaches
  5 goblins
  8 hobgoblins
  4 jackals
  4 quokkas
  10 ball pythons
  4 frilled lizards
  10 kobolds
  7 rats
131 creatures vanquished.

Notes
Turn   | Place    | Note
-------+----------+-------------------------------------------
     0 | D:1      | qw the Minotaur Hexslinger began the quest for the Orb.
     0 | D:1      | Reached XP level 1. HP: 16/16 MP: 1/1
     0 | D:1      | 0 ||| qw: Version: 0.3-a-52-g30416fa
     0 | D:1      | 0 ||| qw: Game counter: 4581
     0 | D:1      | 0 ||| qw: Melee chars always use a shield: true
     0 | D:1      | 0 ||| qw: God list: Okawaru
     0 | D:1      | 0 ||| qw: Allow faded altars: false
     0 | D:1      | 0 ||| qw: Do Orc after clearing Dungeon:15 true
     0 | D:1      | 0 ||| qw: Do second Lair branch before Depths: true
     0 | D:1      | 0 ||| qw: Lair rune preference: random
     0 | D:1      | 0 ||| qw: Goals: Normal
     0 | D:1      | 0 ||| PLANNING D:1-11
    96 | D:1      | Reached skill level 3 in Ranged Weapons
   237 | D:1      | Reached XP level 2. HP: 23/23 MP: 2/2
   515 | D:1      | Found a faded altar of an unknown god.
   850 | D:1      | 850 ||| UPGRADING to +0 leather armour.
   860 | D:1      | 860 ||| DROPPING +0 robe.
   861 | D:1      | 861 ||| UPGRADING to +4 ring of slaying {mikee}.
   862 | D:1      | 862 ||| READING 2 scrolls labelled SAOPOQ QOTUGH.
   866 | D:1      | 866 ||| READING scroll labelled VEUGU YKOSK.
   867 | D:1      | 867 ||| DROPPING scroll of poison.
   904 | D:2      | Reached XP level 3. HP: 29/29 MP: 3/3
  1157 | D:2      | Reached skill level 4 in Ranged Weapons
  1250 | D:2      | Found Urusati's General Store.
  1316 | D:2      | 1316 ||| UPGRADING to ring of poison resistance.
  1317 | D:2      | 1317 ||| READING 3 scrolls labelled UGAWKU TEDO.
  1318 | D:2      | 1318 ||| READING 3 scrolls labelled NERUT OFRAAFEI.
  1319 | D:2      | 1319 ||| READING scroll labelled JIURCH WAILATUM.
  1320 | D:2      | 1320 ||| READING 2 scrolls of identify.
  1320 | D:2      | 1320 ||| IDENTIFYING brown potion
  1321 | D:2      | 1321 ||| DROPPING 2 scrolls of summoning.
  1503 | D:3      | Reached XP level 4. HP: 36/36 MP: 4/4
  2191 | D:3      | 2191 ||| UPGRADING to +0 cloak.
  2196 | D:3      | 2196 ||| DROPPING ring of flight.
  2197 | D:3      | 2197 ||| READING scroll labelled TIORUO FIYNLI.
  2198 | D:3      | 2198 ||| READING 2 scrolls of identify.
  2198 | D:3      | 2198 ||| IDENTIFYING puce potion
  2219 | D:4      | 2219 ||| PLANNING SEWER
  2222 | D:4      | Reached skill level 5 in Ranged Weapons
  2225 | D:4      | 2225 ||| STAIRDANCE
  2281 | D:4      | 2281 ||| STAIRDANCE
  2361 | D:4      | Reached skill level 3 in Fighting
  2364 | D:4      | Reached XP level 5. HP: 45/45 MP: 5/5
  2576 | D:4      | 2576 ||| Stepping ~*~*~tactically~*~*~ (outnumbered).
  2584 | D:4      | Reached skill level 6 in Ranged Weapons
  2588 | D:4      | Reached skill level 1 in Armour
  2658 | D:4      | Reached XP level 6. HP: 51/51 MP: 6/6
  2680 | D:4      | Found a glowing drain.
  2681 | D:4      | 2681 ||| READING scroll labelled VYTOSU AMUA.
  2698 | Sewer    | Entered a sewer
  2715 | Sewer    | 2715 ||| Stepping ~*~*~tactically~*~*~ (water).
  2771 | Sewer    | 2771 ||| Stepping ~*~*~tactically~*~*~ (water).
  2809 | Sewer    | 2809 ||| Stepping ~*~*~tactically~*~*~ (water).
  2942 | Sewer    | 2942 ||| READING scroll labelled ELYTYI IRIASUI.
  2943 | Sewer    | 2943 ||| DRINKING 2 viscous cyan potions.
  2944 | Sewer    | 2944 ||| DRINKING 2 glowing green potions.
  2945 | Sewer    | 2945 ||| DROPPING potion of attraction.
  2982 | D:4      | 2982 ||| PLANNING D:1-11
  3186 | D:4      | Reached skill level 7 in Ranged Weapons
  3273 | D:4      | 3273 ||| READING scroll of enchant armour.
  3273 | D:4      | 3273 ||| ENCHANTING +0 cloak.
  3329 | D:4      | 3329 ||| UPGRADING to +0 ring mail.
  3339 | D:4      | 3339 ||| DROPPING +0 leather armour.
  3340 | D:4      | 3340 ||| READING 2 scrolls of identify.
  3340 | D:4      | 3340 ||| IDENTIFYING golden potion
  3341 | D:4      | 3341 ||| DROPPING potion of lignification.
  3361 | D:5      | Entered Level 5 of the Dungeon
  3361 | D:5      | Noticed an ice beast
  3366 | D:5      | 3366 ||| STAIRDANCE
  3368 | D:4      | Killed an ice beast
  3369 | D:4      | Reached XP level 7. HP: 50/59 MP: 7/7
  3370 | D:4      | Reached skill level 8 in Ranged Weapons
  3412 | D:5      | Noticed Ijyb
  3413 | D:5      | Paralysed by Ijyb for 3 turns
  3426 | D:5      | Killed Ijyb
  3469 | D:5      | 3469 ||| READING scroll of enchant armour.
  3469 | D:5      | 3469 ||| ENCHANTING +1 cloak.
  3481 | D:5      | Found a runed translucent door.
  3481 | D:5      | Noticed qw's ghost (novice DEHu)
  3525 | D:5      | Found a white marble altar of Elyvilon.
  3618 | D:5      | Found a glowing silver altar of Zin.
  3618 | D:5      | Noticed an angel
  3701 | D:5      | 3701 ||| FLEEEEING.
  3702 | D:5      | 3702 ||| FLEEEEING.
  3703 | D:5      | 3703 ||| FLEEEEING.
  3704 | D:5      | 3704 ||| FLEEEEING.
  3705 | D:5      | 3705 ||| FLEEEEING.
  3706 | D:5      | 3706 ||| FLEEEEING.
  3707 | D:5      | 3707 ||| FLEEEEING.
  3708 | D:5      | 3708 ||| FLEEEEING.
  3709 | D:5      | 3709 ||| FLEEEEING.
  3710 | D:5      | 3710 ||| FLEEEEING.
  3711 | D:5      | 3711 ||| FLEEEEING.
  3712 | D:5      | 3712 ||| FLEEEEING.
  3713 | D:5      | 3713 ||| FLEEEEING.
  3714 | D:5      | 3714 ||| FLEEEEING.
  3715 | D:5      | 3715 ||| FLEEEEING.
  3716 | D:5      | 3716 ||| FLEEEEING.
  3717 | D:5      | 3717 ||| FLEEEEING.
  3718 | D:5      | 3718 ||| STAIRDANCE
  3872 | D:5      | Found a staircase to the Ecumenical Temple.
  3873 | D:5      | 3873 ||| PLANNING TEMPLE
  3881 | Temple   | Entered the Ecumenical Temple
  3882 | Temple   | 3882 ||| PLANNING OKAWARU WORSHIP
  3924 | Temple   | Became a worshipper of Warmaster Okawaru
  3925 | Temple   | 3925 ||| PLANNING D:1-11
  3998 | D:5      | Found a bloodstained altar of Trog.
  4024 | D:5      | Found a stormy altar of Qazlal.
  4029 | D:5      | Found an ancient bone altar of Kikubaaqudgha.
  4029 | D:5      | Found a sparkling altar of Nemelex Xobeh.
  4040 | D:5      | Found a shimmering blue altar of Sif Muna.
  4043 | D:5      | Found a snail-covered altar of Cheibriados.
  4164 | D:5      | Reached XP level 8. HP: 68/68 MP: 8/8
  4213 | D:6      | 4213 ||| STAIRDANCE
  4218 | D:5      | Reached skill level 9 in Ranged Weapons
  4437 | D:6      | Reached skill level 6 in Fighting
  4534 | D:6      | Found Cekhlihou's CLEARANCE SALE!.
  4543 | D:6      | 4543 ||| BUYING scroll of brand weapon (38 gold).
  4543 | D:6      | Bought a scroll of brand weapon for 38 gold pieces
  4543 | D:6      | 4543 ||| READING scroll of brand weapon.
  4543 | D:6      | 4543 ||| BRANDING +1 sling of flaming.
  4571 | D:6      | Reached skill level 3 in Dodging
  4573 | D:6      | Noticed Sigmund
  4574 | D:6      | 4574 ||| FLEEEEING.
  4586 | D:6      | Killed Sigmund
  4717 | D:6      | Reached skill level 10 in Ranged Weapons
  4764 | D:6      | Noticed Edmund
  4772 | D:6      | Killed Edmund
  5149 | D:6      | Reached * piety under Okawaru
  5325 | D:6      | 5325 ||| UPGRADING to +3 leather armour of positive energy.
  5335 | D:6      | 5335 ||| DROPPING +0 ring mail.
  5336 | D:6      | 5336 ||| READING scroll labelled JOIVYDOGIN.
  5337 | D:6      | 5337 ||| READING 3 scrolls of identify.
  5337 | D:6      | 5337 ||| IDENTIFYING fizzy white potion
  5338 | D:6      | 5338 ||| READING 2 scrolls of identify.
  5338 | D:6      | 5338 ||| IDENTIFYING smoky orange potion
  5339 | D:6      | 5339 ||| DROPPING potion of berserk rage.
  5358 | D:7      | 5358 ||| INVOKING Heroism.
  5365 | D:7      | Reached XP level 9. HP: 79/79 MP: 6/9
  5463 | D:7      | Noticed a cyclops
  5469 | D:7      | HP: 13/79 [cyclops/large rock (32)]
  5469 | D:7      | Noticed a skeletal warrior
  5470 | D:7      | 5470 ||| READING 6 scrolls of teleportation.
  5471 | D:7      | 5471 ||| DRINKING potion of heal wounds.
  5472 | D:7      | 5472 ||| Stepping ~*~*~tactically~*~*~ (outnumbered).
  5545 | D:7      | HP: 19/79 [skeletal warrior/sling bullet (1)]
  5546 | D:7      | 5546 ||| READING 5 scrolls of teleportation.
  5546 | D:7      | HP: 9/79 [skeletal warrior/sling bullet (10)]
  5547 | D:7      | Shot with a sling bullet by a skeletal warrior

Levels and vault maps discovered:
D:1:      dpeg_arrival_windows_large_door, layout_basic,
          shapermc_ecumenical_altar_mp_urbaneastern
D:2:      layout_basic, serial_shops, shop
D:3:      layout_loops_corners, supply_closet_lemuel
D:4:      layout_rooms, portal_sewer_entry_f, minmay_stone_trees_large
D:5:      layout_cave_pools, nicolae_elyvilon_peaceful_grove,
          minmay_overflow_temple_star_hex, zin_angel, kennysheep_mini_moat,
          minmay_temple_entry_wispy, gammafunk_ghost_grave, uniq_ijyb
D:6:      layout_basic, nicolae_shop_clearance, uniq_edmund, uniq_sigmund
D:7:      layout_rooms, minmay_the_grid_2x2 [minmay_the_grid_box_x,
          minmay_the_grid_all_tris, minmay_the_grid_embedded,
          minmay_the_grid_prize_diamond_cup]
Temple:   nicolae_temple_ecumenical_triangle

Skill      XL: |  1  2  3  4  5  6  7  8  9 |
---------------+----------------------------+-----
Ranged Weapons | 3 4 5 6 7 8 10 | 10.7
Fighting       | 2 3 4 5 7 |  7.2
Armour         | 1 2 |  2.4
Dodging        | 3 4 |  4.0
Spellcasting   | |  1.0
Hexes          | |  2.0

Action                     |  1- 3 |  4- 6 |  7- 9 || total
---------------------------+-------+-------+-------++-------
   Fire: Sling             |   103 |   135 |   167 ||   405
 Invoke: Heroism           |       |       |     1 ||     1
    Use: Scroll            |     6 |     6 |     7 ||    19
         Potion            |       |     2 |     1 ||     3
 Armour: Robe              |     6 |       |       ||     6
         Leather armour    |     1 |    24 |     3 ||    28
         Ring mail         |       |     2 |    34 ||    36
  Dodge: Dodged            |    26 |    60 |    47 ||   133

Table legend:
 A = Non-vault XP
 B = Vault XP
 C = Vault XP percentage of total XP
 D = Non-vault monster count
 E = Vault monster count
 F = Vault count percentage of total count
                 A         B        C        D         E       F
            +---------+---------+-------+---------+---------+-------
      Total |    2545 |     524 |  17.1 |     110 |      21 |  16.0
            +---------+---------+-------+---------+---------+-------
        D:1 |      40 |       0 |   0.0 |      20 |       0 |   0.0
        D:2 |      42 |       0 |   0.0 |      17 |       0 |   0.0
        D:3 |      83 |       0 |   0.0 |      22 |       0 |   0.0
        D:4 |     622 |      12 |   1.9 |      24 |       6 |  20.0
        D:5 |     714 |      36 |   4.8 |      13 |       1 |   7.1
        D:6 |     724 |     377 |  34.2 |       8 |       2 |  20.0
        D:7 |     320 |       0 |   0.0 |       6 |       0 |   0.0
      Sewer |       0 |      99 | 100.0 |       0 |      12 | 100.0
            +---------+---------+-------+---------+---------+-------
